 Dungeon Crawl Stone Soup version 0.30-a0-605-gb2882149bf (webtiles) character file.

Game seed: 9094215362254252492

1948 pokeman the Thaumaturge (level 8, -1/44 HPs)
             Began as a Deep Elf Hedge Wizard on Jan 7, 2023.
             Was an Initiate of Vehumet.
             Slain by a water moccasin (5 damage)
             ... in the Ecumenical Temple.
             The game lasted 00:14:48 (7824 turns).

pokeman the Thaumaturge (Deep Elf Hedge Wizard)     Turns: 7824, Time: 00:14:49

Health: -1/44      AC:  2    Str:  7    XL:     8   Next: 98%
Magic:  11/24      EV: 13    Int: 22    God:    Vehumet [......]
Gold:   383        SH:  0    Dex: 14    Spells: 20/28 levels left

rFire   . . .      SeeInvis .    h - +1 dagger (venom)
rCold   . . .      Faith    .    (no shield)
rNeg    . . .      Spirit   .    b - +0 robe
rPois   .          Reflect  .    c - +0 hat
rElec   .          Harm     .    (no cloak)
rCorr   .          Rampage  .    (no gloves)
Will    .....                    (no boots)
Stlth   ++                       (no amulet)
HPRegen 0.27/turn                u - ring of wizardry
MPRegen 0.19/turn                (no ring)

@: no status effects
A: no striking features
a: Renounce Religion


You were in the Ecumenical Temple.
You worshipped Vehumet.
Vehumet was noncommittal.
You visited 2 branches of the dungeon, and saw 8 of its levels.
You also visited: Sewer.

You collected 383 gold pieces.

Inventory:

Hand Weapons
 h - a +1 dagger of venom (weapon)
Missiles
 G - a throwing net
Armour
 b - a +0 robe (worn)
 c - a +0 hat (worn)
 k - a +0 buckler
Magical Staves
 f - a staff of poison
Jewellery
 u - a ring of wizardry (left hand)
 y - a ring of fire
 C - an amulet of faith
Wands
 r - a wand of flame (14)
 t - a wand of digging (5)
 v - a wand of quicksilver (8)
 D - a wand of charming (4)
Scrolls
 a - a scroll of acquirement {unknown}
 e - 12 scrolls of identify {unknown}
 l - a scroll of torment {unknown}
 m - 2 scrolls of amnesia {unknown}
 p - a scroll of enchant armour {unknown}
 q - a scroll of enchant weapon {unknown}
 w - a scroll of blinking {unknown}
 z - 4 scrolls of teleportation
 A - a scroll of brand weapon {unknown}
Potions
 d - 2 potions of magic
 g - a potion of ambrosia {unknown}
 i - 3 potions of curing {unknown}
 j - 2 potions of brilliance {unknown}
 n - 2 potions of lignification {unknown}
 o - a potion of heal wounds {unknown}
 s - 2 potions of attraction {unknown}
 x - 7 potions of flight
 B - a potion of berserk rage {unknown}
 E - a potion of might {unknown}
 F - a potion of experience {unknown}


   Skills:
 - Level 2.0 Fighting
 - Level 2.0 Armour
 - Level 3.0 Dodging
 - Level 3.2 Stealth
 + Level 2.1 Shields
 * Level 10.7 Spellcasting
 + Level 5.7 Conjurations
 + Level 4.5 Summonings
 - Level 1.1 Translocations
 - Level 1.2 Air Magic
 - Level 1.3 Poison Magic
 - Level 1.1 Evocations


You had 20 spell levels left.
You knew the following spells:

 Your Spells              Type           Power      Damage    Failure   Level
a - Magic Dart            Conj           100%       1d8       1%          1
b - Mephitic Cloud        Conj/Pois/Air  23%        N/A       2%          3
c - Call Imp              Summ           31%        N/A       1%          2
d - Blink                 Tloc           32%        N/A       2%          2

Your spell library contained the following spells:

 Spells                   Type           Power      Damage    Failure   Level
 Summon Small Mammal      Summ           100%       N/A       1%          1
 Call Canine Familiar     Summ           31%        N/A       1%          3
 Slow                     Hex            44%        N/A       2%          1
 Cigotuvi's Dreadful Rot  Necr/Pois/Air  30%        N/A       2%          2
 Summon Guardian Golem    Hex/Summ       21%        N/A       2%          3


Dungeon Overview and Level Annotations

Branches:
Dungeon (7/15)             Temple (1/1) D:7           Sewer (visited)

Altars:
Ashenzari
Fedhas
Gozag
Hepliaklqana
Kikubaaqudgha
Makhleb
Nemelex Xobeh
Okawaru
Ru
Vehumet
Wu Jian
Yredelemnul
The Shining One


Message History

The water moccasin is lightly wounded.
You feel sick.
You are no longer poisoned.
Casting: Magic Dart (safe; 1% risk of failure)
Confirm with . or Enter, or press ? or * to list all spells.
Aiming: Magic Dart (safe; 1% risk of failure)
Press: ? - help, Shift-Dir - straight line, f/p - water moccasin
Aim: a water moccasin (lightly wounded, 100% to hit)
The magic dart hits the water moccasin.
The water moccasin is moderately wounded.
The water moccasin misses you.
Casting: Magic Dart (safe; 1% risk of failure)
Confirm with . or Enter, or press ? or * to list all spells.
Aiming: Magic Dart (safe; 1% risk of failure)
Press: ? - help, Shift-Dir - straight line, f/p - water moccasin
Aim: a water moccasin (moderately wounded, 100% to hit)
The magic dart hits the water moccasin.
The water moccasin is moderately wounded.
The water moccasin bites you.
* * * LOW HITPOINT WARNING * * *
Casting: Magic Dart (safe; 1% risk of failure)
Confirm with . or Enter, or press ? or * to list all spells.
Aiming: Magic Dart (safe; 1% risk of failure)
Press: ? - help, Shift-Dir - straight line, f/p - water moccasin
Aim: a water moccasin (moderately wounded, 100% to hit)
The magic dart hits the water moccasin.
The water moccasin is heavily wounded.
You feel stable enough to blink again. The water moccasin bites you!
* * * LOW HITPOINT WARNING * * *
The water moccasin bites you but does no damage.
Casting: Magic Dart (safe; 1% risk of failure)
Confirm with . or Enter, or press ? or * to list all spells.
Aiming: Magic Dart (safe; 1% risk of failure)
Press: ? - help, Shift-Dir - straight line, f/p - water moccasin
Aim: a water moccasin (heavily wounded, 100% to hit)
The magic dart hits the water moccasin.
The water moccasin is heavily wounded.
The water moccasin bites you.
You die...

#####...#####
##......#
##.....#
#.._..#
#.....##
#....).##
#####...#####
##..S...#
##..@..#
#..<..#
#.....#
#.....#
#######


You could see a water moccasin.

Vanquished Creatures
  Sigmund (D:4)
  A steam dragon (D:7)
  Edmund (D:4)
  2 water moccasins (D:6)
  A sky beast (D:6)
  A centaur (D:6)
  A bullfrog (D:6)
  A necrophage (D:4)
  3 scorpions
  A wight (D:7)
  A howler monkey (D:5)
  A hound (D:6)
  4 orc priests
  Jessica (D:3)
  2 iguanas
  2 orc wizards
  A merfolk avatar (Sewer)
  A merfolk siren (Sewer)
  5 gnolls
  9 adders
  4 river rats (Sewer)
  2 shadow imps
  2 white imps
  An ufetubus (D:6)
  6 worms
  3 dart slugs
  16 orcs
  4 bats
  6 endoplasms
  6 giant cockroaches
  6 hobgoblins
  2 jackals (D:3)
  8 kobolds
  9 quokkas
  13 ball pythons
  8 frilled lizards
  3 goblins
  25 rats
164 creatures vanquished.

Vanquished Creatures (collateral kills)
  An ogre (D:5)
  A jelly (D:5)
  A hobgoblin (D:4)
  A rat (D:6)
4 creatures vanquished.

Grand Total: 168 creatures vanquished

Notes
Turn   | Place    | Note
-------+----------+-------------------------------------------
     0 | D:1      | pokeman the Deep Elf Hedge Wizard began the quest for the
                  | Orb.
     0 | D:1      | Reached XP level 1. HP: 10/10 MP: 7/7
   449 | D:1      | Reached XP level 2. HP: 16/16 MP: 5/9
   778 | D:1      | Reached skill level 5 in Spellcasting
  1164 | D:2      | Reached XP level 3. HP: 20/20 MP: 6/11
  1168 | D:2      | Learned a level 3 spell: Mephitic Cloud
  1171 | D:2      | Learned a level 2 spell: Call Imp
  1174 | D:2      | Learned a level 2 spell: Blink
  1555 | D:2      | Reached skill level 1 in Armour
  1689 | D:2      | Reached skill level 1 in Fighting
  1886 | D:2      | Reached XP level 4. HP: 18/25 MP: 10/13
  2376 | D:3      | Noticed Jessica
  2379 | D:3      | Killed Jessica
  2404 | D:3      | Reached skill level 6 in Spellcasting
  2404 | D:3      | Reached XP level 5. HP: 19/29 MP: 8/15
  2649 | D:3      | Reached skill level 1 in Shields
  3043 | D:3      | Found a hazy altar of Hepliaklqana.
  3565 | D:4      | Found a basalt altar of Yredelemnul.
  3624 | D:4      | Reached skill level 1 in Evocations
  3624 | D:4      | Reached XP level 6. HP: 34/34 MP: 11/17
  3853 | D:4      | Noticed Edmund
  3857 | D:4      | Noticed Sigmund
  3872 | D:4      | Killed Sigmund
  3873 | D:4      | Reached skill level 7 in Spellcasting
  3873 | D:4      | Reached skill level 1 in Air Magic
  3873 | D:4      | Reached skill level 1 in Poison Magic
  3897 | D:4      | Killed Edmund
  3898 | D:4      | Reached XP level 7. HP: 18/38 MP: 12/20
  4147 | D:4      | Reached skill level 8 in Spellcasting
  4536 | D:4      | Found a burning altar of Makhleb.
  4625 | D:5      | Entered Level 5 of the Dungeon
  5594 | D:6      | Reached skill level 9 in Spellcasting
  5594 | D:6      | Reached XP level 8. HP: 41/44 MP: 10/23
  5775 | D:6      | Found a glowing drain.
  5843 | Sewer    | Entered a sewer
  6497 | Sewer    | Reached skill level 5 in Conjurations
  6790 | D:6      | Reached skill level 10 in Spellcasting
  7521 | D:7      | Found a staircase to the Ecumenical Temple.
  7529 | Temple   | Entered the Ecumenical Temple
  7613 | Temple   | Became a worshipper of Vehumet
  7824 | Temple   | Slain by a water moccasin

Illustrated notes

Levels and vault maps discovered:
D:1:      amcnicky_arrival_double_pillar, layout_loops_ring
D:2:      layout_basic, chequers_serial_rivers_micro_c, minmay_circle_x
D:3:      layout_rooms, worldfamousw_hep_ancestral_shrine, uniq_jessica
D:4:      layout_basic, lightli_temple_of_fire, mainiacjoe_overflow_brackets,
          sigmund_edmund_badplayer
D:5:      layout_basic
D:6:      layout_loops_cross, gup_sewer_entry_bowl, kennysheep_minor_cross
D:7:      layout_basic, minmay_temple_entry_drinking_statues
Temple:   minmay_crystal_spiral_temple

Skill      XL: |  1  2  3  4  5  6  7  8 |
---------------+-------------------------+-----
Spellcasting   | 5 6 7 9 10 | 10.7
Armour         | 1 2 |  2.0
Fighting       | 1 2 |  2.0
Conjurations   | 2 3 4 5 |  5.7
Dodging        | 3 |  3.0
Shields        | 1 2 |  2.1
Stealth        | 3 |  3.2
Evocations     | 1 |  1.1
Air Magic      | 1 |  1.2
Poison Magic   | 1 |  1.3
Summonings     | 3 4 |  4.5
Translocations | |  1.1

Action                   |  1- 3 |  4- 6 |  7- 9 || total
-------------------------+-------+-------+-------++-------
Melee: Dagger            |     8 |    22 |    89 ||   119
 Cast: Magic Dart        |    83 |   121 |   209 ||   413
       Call Imp          |       |     2 |    15 ||    17
       Mephitic Cloud    |       |     4 |    20 ||    24
       Blink             |       |       |     4 ||     4
 Stab: Sleeping          |     1 |     2 |       ||     3
       Confused          |       |     1 |     9 ||    10
       Distracted        |       |       |     1 ||     1
Armor: Robe              |     1 |     2 |    11 ||    14
Dodge: Dodged            |     7 |    19 |    93 ||   119

Table legend: (Time is in decaauts)
 A = Elapsed time spent in this place.
 B = Non-inter-level travel time spent in this place.
 C = Inter-level travel time spent in this place.
 D = Time resting spent in this place.
 E = Time spent auto-exploring this place.
 F = Levels seen in this place.
 G = Mean time per level.
                   A        B        C        D        E       F      G
               +--------+--------+--------+--------+--------+-----+--------+
         Total |   7867 |   7610 |    257 |    347 |   6049 |   9 |  874.1 |
       Dungeon |   6771 |   6561 |    210 |    240 |   5279 |   7 |  967.3 |
        Temple |    257 |    210 |     47 |    107 |     73 |   1 |  257.0 |
         Sewer |    838 |    838 |      0 |      0 |    696 |   1 |  838.0 |
               +--------+--------+--------+--------+--------+-----+--------+

Top non-repeatable levels by time:
     D:2: 1291 daAuts
     D:4: 1269 daAuts
     D:6: 1118 daAuts
     D:1: 1048 daAuts
     D:3: 1013 daAuts
     D:5: 866 daAuts
   Sewer: 838 daAuts
  Temple: 257 daAuts
     D:7: 163 daAuts
